 Dungeon Crawl Stone Soup version 0.28-a0-1510-gd0f6b136d3 (webtiles) character file.

Game seed: 3972419562015578018

88 voltaire321 the Digger (level 4, -8/25 HPs)
             Began as a Deep Elf Earth Elementalist on Jan 15, 2022.
             Mangled by a wyvern zombie (14 damage)
             ... on level 3 of the Dungeon.
             The game lasted 00:04:37 (2683 turns).

voltaire321 the Digger (DEEE)                       Turns: 2683, Time: 00:04:38

Health: -8/25      AC:  2    Str:  7    XL:     4   Next: 29%
Magic:  6/11       EV: 13    Int: 20    God:
Gold:   57         SH:  0    Dex: 15    Spells: 4/10 levels left

rFire   . . .      SeeInvis .   e - +0 dagger
rCold   . . .      Faith    .   (no shield)
rNeg    . . .      Spirit   .   b - +0 robe
rPois   .          Reflect  .   (no helmet)
rElec   .          Harm     .   (no cloak)
rCorr   .          Rampage  .   (no gloves)
Will    .....                   (no boots)
Stlth   ++........              (no amulet)
HPRegen 0.08/turn               (no ring)
MPRegen 0.12/turn               (no ring)

@: very slightly contaminated
A: no striking features
a: no special abilities


You were on level 3 of the Dungeon.
You visited 1 branch of the dungeon, and saw 3 of its levels.

You collected 57 gold pieces.

Inventory:

Hand Weapons
 e - a +0 dagger (weapon)
Missiles
 c - 59 stones
Armour
 b - a +0 robe (worn)
Magical Staves
 k - a staff of fire
Jewellery
 i - a ring of ice
Scrolls
 a - 2 scrolls of teleportation {unknown}
 d - a scroll of noise {unknown}
 g - 3 scrolls of identify {unknown}
 h - a scroll of fear {unknown}
 m - a scroll of amnesia {unknown}
Potions
 f - a potion of heal wounds {unknown}
 j - 3 potions of haste {unknown}
 l - a potion of mutation {unknown}


   Skills:
 + Level 1.1 Fighting
 + Level 3.2 Dodging
 - Level 2.4 Stealth
 + Level 3.8 Spellcasting
 + Level 0.0 Conjurations
 + Level 2.1 Transmutations
 + Level 3.9 Earth Magic


You had 4 spell levels left.
You knew the following spells:

 Your Spells              Type           Power      Damage    Failure   Level
a - Sandblast             Erth           38%        2d10      2%          1
b - Passwall              Tmut/Erth      13%        N/A       5%          2
c - Stone Arrow           Conj/Erth      22%        3d8       17%         3

Your spell library contained the following spells:

 Spells                   Type           Power      Damage    Failure   Level
 Petrify                  Tmut/Erth      16%        N/A       36%         4


Dungeon Overview and Level Annotations

Branches:
Dungeon (3/15)

Altars:


Message History

Press: ? - help, Shift-Dir - straight line, f - wyvern zombie
Aim: a wyvern zombie (93% to hit)
You miscast Sandblast.
You are very lightly contaminated with residual magic.
Nothing appears to happen.
Casting: Sandblast (safe; 2% risk of failure)
Confirm with . or Enter, or press ? or * to list all spells.
Aiming: Sandblast (safe; 2% risk of failure)
Press: ? - help, Shift-Dir - straight line, f/p - wyvern zombie
Aim: a wyvern zombie (93% to hit)
The blast of sand hits the wyvern zombie.
The wyvern zombie is lightly damaged.
The wyvern zombie bites you.
Casting: Sandblast (safe; 2% risk of failure)
Confirm with . or Enter, or press ? or * to list all spells.
Aiming: Sandblast (safe; 2% risk of failure)
Press: ? - help, Shift-Dir - straight line, f/p - wyvern zombie
Aim: a wyvern zombie (lightly damaged, 93% to hit)
The blast of sand hits the wyvern zombie.
The wyvern zombie is moderately damaged.
The wyvern zombie bites you!
Casting: Sandblast (safe; 2% risk of failure)
Confirm with . or Enter, or press ? or * to list all spells.
Aiming: Sandblast (safe; 2% risk of failure)
Press: ? - help, Shift-Dir - straight line, f/p - wyvern zombie
Aim: a wyvern zombie (moderately damaged, 93% to hit)
The blast of sand misses the wyvern zombie.
The wyvern zombie bites you!
* * * LOW HITPOINT WARNING * * *
The wyvern zombie barely misses you.
Casting: Sandblast (safe; 2% risk of failure)
Confirm with . or Enter, or press ? or * to list all spells.
Aiming: Sandblast (safe; 2% risk of failure)
Press: ? - help, Shift-Dir - straight line, f/p - wyvern zombie
Aim: a wyvern zombie (moderately damaged, 93% to hit)
The blast of sand hits the wyvern zombie.
The wyvern zombie is moderately damaged.
The wyvern zombie bites you!
Ouch! That really hurt!
You die...

... .. .# ###.# #.
#. #.##.#.#.## ...
#. #.##.#...<####<#
#.##.##.#.#.......##
#..#................
#.#................
#.Z...........#####
#@...........#
#............#
#..##.#.#.##.#
#..##.#.#.##.#
#..##.#.#.##.#
##.##.#...##.#
.>.#.######.# ...#.#
#.# ...... #.#


You could see a wyvern zombie.

Vanquished Creatures
  3 adders (D:2)
  A gnoll (D:1)
  A worm (D:2)
  A dart slug (D:1)
  5 ball pythons
  5 endoplasms
  3 giant cockroaches (D:2)
  3 goblins
  2 hobgoblins
  2 jackals (D:1)
  A quokka (D:2)
  7 bats
  A frilled lizard (D:2)
  3 kobolds
  9 rats
47 creatures vanquished.

Notes
Turn   | Place    | Note
-------+----------+-------------------------------------------
     0 | D:1      | voltaire321 the Deep Elf Earth Elementalist began the quest
                  | for the Orb.
     0 | D:1      | Reached XP level 1. HP: 10/10 MP: 6/6
   367 | D:1      | Reached XP level 2. HP: 16/16 MP: 4/8
   370 | D:1      | Learned a level 2 spell: Passwall
   736 | D:1      | Reached XP level 3. HP: 11/20 MP: 7/9
   880 | D:1      | Found a faded altar of an unknown god.
  1612 | D:2      | HP: 1/20 [quokka (5)]
  1932 | D:2      | Reached skill level 1 in Fighting
  2080 | D:2      | Reached XP level 4. HP: 25/25 MP: 9/11
  2156 | D:2      | Learned a level 3 spell: Stone Arrow
  2683 | D:3      | Mangled by a wyvern zombie

Illustrated notes

Levels and vault maps discovered:
D:1:      wander_arrival_peaceful_grave, layout_loops_corners,
          chequers_ecumenical_altar_lobes
D:2:      kennysheep_six_static_rooms, layout_basic, minivault_11
D:3:      layout_basic, supply_closet_lemuel, nrook_loot_triangle, uniq_natasha

Skill      XL: |  1  2  3 |
---------------+----------+-----
Dodging        | 3 |  3.2
Fighting       | 1 |  1.1
Transmutations | 2 |  2.1
Stealth        | |  2.4
Spellcasting   | |  3.8
Earth Magic    | |  3.9

Action                   |  1- 3 |  4- 6 || total
-------------------------+-------+-------++-------
Melee: Dagger            |    73 |     5 ||    78
       Unarmed           |     1 |       ||     1
 Cast: Sandblast         |    47 |    13 ||    60
 Stab: Sleeping          |     1 |     2 ||     3
Armor: Robe              |    30 |     1 ||    31
Dodge: Dodged            |   103 |     6 ||   109

Table legend: (Time is in decaauts)
 A = Elapsed time spent in this place.
 B = Non-inter-level travel time spent in this place.
 C = Inter-level travel time spent in this place.
 D = Time resting spent in this place.
 E = Time spent auto-exploring this place.
 F = Levels seen in this place.
 G = Mean time per level.
                   A        B        C        D        E       F      G
               +--------+--------+--------+--------+--------+-----+--------+
         Total |   2682 |   2662 |     20 |    575 |   1654 |   3 |  894.0 |
       Dungeon |   2682 |   2662 |     20 |    575 |   1654 |   3 |  894.0 |
               +--------+--------+--------+--------+--------+-----+--------+

Top non-repeatable levels by time:
     D:2: 1367 daAuts
     D:1: 1283 daAuts
     D:3: 30 daAuts
